 Dungeon Crawl Stone Soup version 0.27.1-35-g4d5d836560 (console) character file.

Game seed: 4221049494341052666

89959 grimtooth the Polluter (level 16, -22/127 HPs)
             Began as a Formicid Venom Mage on Nov 28, 2022.
             Was a High Priest of Makhleb.
             Annihilated by an orc warrior (26 damage)
             ... led by Saint Roka
             ... on level 2 of the Orcish Mines.
             The game lasted 03:16:46 (26281 turns).

grimtooth the Polluter (Formicid Venom Mage)       Turns: 26281, Time: 03:16:46

Health: -22/127    AC: 16    Str: 17    XL:     16   Next: 45%
Magic:  7/25       EV: 12    Int: 18    God:    Makhleb [*****.]
Gold:   1635       SH:  7    Dex: 11    Spells: 11/21 levels left

rFire    + . .     SeeInvis +   b - +5 dagger
rCold    + . .     Faith    .   m - +2 buckler
rNeg     + . .     Spirit   .   E - +0 swamp dragon scales
rPois    +         Reflect  .   (helmet unavailable)
rElec    .         Harm     .   N - scarf {rC+ rF+}
rCorr    .         Rampage  .   Q - +2 pair of gloves
Will     +++..                  q - +2 pair of boots
Stlth    ++++......             x - amulet of regeneration
HPRegen  1.31/turn              o - ring of Autumn {rN+ Will+}
MPRegen  0.19/turn              J - ring of willpower

@: no status effects
A: permanent stasis, dig shafts and tunnels, antennae 3, four strong arms
a: Dig, Shaft Self, Renounce Religion, Minor Destruction, Lesser Servant of
Makhleb, Major Destruction, Greater Servant of Makhleb


You were on level 2 of the Orcish Mines.
You worshipped Makhleb.
Makhleb was extremely pleased with you.
You visited 3 branches of the dungeon, and saw 18 of its levels.
You also visited: Sewer, Bailey and Volcano.

You collected 2053 gold pieces.
You spent 418 gold pieces at shops.

Inventory:

Hand Weapons
 a - a +3 whip of electrocution
 b - a +5 dagger (weapon)
 r - a +4 hand axe of flaming
Missiles
 c - 71 stones
 s - 62 poisoned darts (quivered)
 X - 4 silver boomerangs
 Y - 5 boomerangs
Armour
 m - a +2 buckler (worn)
 q - a +2 pair of boots (worn)
 E - +0 swamp dragon scales (worn)
 N - a scarf of resistance (worn)
 Q - a +2 pair of gloves (worn)
Jewellery
 o - the ring of Autumn (left hand) {rN+ Will+}
   (You found it on level 6 of the Lair of Beasts)

   [ring of positive energy]

   rN:        It protects you from negative energy.
   Will:      It increases your willpower.
 x - an amulet of regeneration (around neck)
 A - a ring of resist corrosion
 D - the ring of Darkness {Fly rPois rF++ Will- Dex+3}
   (You found it on level 7 of the Dungeon)

   [ring of flight]

   Dex:       It affects your dexterity (+3).
   rF:        It greatly protects you from fire.
   rPois:     It protects you from poison.
   Fly:       It grants you flight.
   Will:      It decreases your willpower.
 J - a ring of willpower (right hand)
Wands
 d - a wand of charming (23)
 n - a wand of flame (86)
 z - a wand of paralysis (10)
 F - a wand of iceblast (9)
 K - a wand of polymorph (11)
Scrolls
 f - a scroll of immolation {unknown}
 i - 5 scrolls of noise {unknown}
 j - 4 scrolls of fog
 p - 3 scrolls of vulnerability {unknown}
 u - 3 scrolls of fear
 y - 4 scrolls of amnesia {unknown}
 C - a scroll of silence {unknown}
 G - a scroll of acquirement {unknown}
 I - 3 scrolls of magic mapping {unknown}
 L - 4 scrolls of enchant armour
 M - a scroll of blinking {unknown}
 T - a scroll of torment {unknown}
 U - 5 scrolls of enchant weapon
 W - a scroll of summoning
Potions
 e - a potion of attraction {unknown}
 h - 3 potions of invisibility {unknown}
 k - 2 potions of cancellation {unknown}
 l - 2 potions of curing
 t - a potion of mutation
 w - 5 potions of flight
 B - a potion of degeneration {unknown}
 H - a potion of resistance {unknown}
 O - a potion of ambrosia {unknown}
 R - 3 potions of magic {unknown}
 S - a potion of brilliance
 V - 2 potions of lignification {unknown}
Miscellaneous
 P - a lightning rod (3/4)


   Skills:
 - Level 12.0 Fighting
 - Level 6.0 Short Blades
 - Level 6.0 Maces & Flails
 - Level 9.0 Armour
 - Level 6.0 Dodging
 + Level 11.8 Stealth
 - Level 6.0 Shields
 - Level 3.0 Spellcasting
 - Level 4.0 Conjurations
 - Level 3.0 Transmutations
 - Level 4.0 Air Magic
 - Level 15.0 Poison Magic
 - Level 12.0 Invocations
 - Level 6.0 Evocations


You had 11 spell levels left.
You knew the following spells:

 Your Spells              Type           Power      Damage    Failure   Level
a - Sting                 Tmut/Pois      100%       1d8       1%          1
b - Poisonous Vapours     Pois/Air       72%        N/A       1%          2
c - Mephitic Cloud        Conj/Pois/Air  30%        N/A       3%          3
t - Olgreb's Toxic Radia  Pois           54%        N/A       1%          4

Your spell library contained the following spells:

 Spells                   Type           Power      Damage    Failure   Level
 Magic Dart               Conj           68%        1d6       4%          1
 Corpse Rot               Necr/Air       N/A        N/A       17%         2
 Alistair's Intoxication  Tmut/Pois      23%        N/A       19%         5
 Animate Skeleton         Necr           4%         N/A       26%         1
 Apportation              Tloc           4%         N/A       26%         1
 Pain                     Necr           8%         1d4       26%         1
 Dazzling Flash           Conj/Hex       18%        N/A       34%         3
 Call Imp                 Summ           2%         N/A       36%         2
 Gell's Gravitas          Tloc           1%         N/A       61%         3
 Ozocubu's Armour         Ice            2%         N/A       61%         3
 Teleport Other           Tloc           2%         N/A       61%         3
 Vampiric Draining        Necr           1%         2d6       61%         3
 Iskenderun's Mystic Bla  Conj/Tloc      9%         2d4       75%         4
 Freezing Cloud           Conj/Ice/Air   6%         6-21      94%         5
 Animate Dead             Necr           1%         N/A       95%         4
 Agony                    Necr           2%         N/A       100%        5
 Borgnjor's Vile Clutch   Necr/Erth      1%         N/A       100%        5
 Excruciating Wounds      Necr           1%         N/A       100%        5
 Metabolic Englaciation   Hex/Ice        1%         N/A       100%        5
 Death Channel            Necr           1%         N/A       100%        6
 Dispersal                Tloc           1%         N/A       100%        6
 Invisibility             Hex            1%         N/A       100%        6
 Simulacrum               Ice/Necr       1%         N/A       100%        6
 Starburst                Conj/Fire      4%         6d4       100%        6
 Ozocubu's Refrigeration  Ice            1%         4d5       100%        7
 Disjunction              Tloc           1%         N/A       100%        8


Dungeon Overview and Level Annotations

Branches:
Dungeon (10/15)            Temple (0/1) D:5            Lair (6/6) D:10
  Swamp (0/4) Lair:3       Spider (0/4) Lair:3        Slime (0/5) Lair:6
    Orc (2/2) D:9             Elf (0/3) Orc:2         Sewer (visited)
 Bailey (visited)         Volcano (visited)

Altars:
Cheibriados
Makhleb
Okawaru
Qazlal
Ru
Sif Muna
Trog
Vehumet
Wu Jian
Xom
The Shining One
Beogh

Shops:
D:2 [(   D:3 [   D:5 [   D:8 *   Orc:1 [*(   Orc:2 =(

Annotations:
D:10 1 runed translucent door, DrStoges's ghost, novice DEFE
Lair:5 3 runed translucent doors, Xyruwy's ghost, journeyman DECj
Orc:2 Saint Roka


Innate Abilities, Weirdness & Mutations

You cannot be hasted, slowed, berserked, paralysed or teleported.
You can dig through walls and to a lower floor.
You have a pair of large antennae on your head. (SInv)
Your four strong arms can wield two-handed weapons with a shield.


Message History

Aim: Saint Roka, wielding a +2 great sword of venom and wearing a +0 plate armour (moderately wounded, covered in acid, chance to affect: 15%)
The ball explodes into a vile cloud!
The stinking cloud engulfs Saint Roka but does no damage.
Saint Roka is moderately wounded.
The stinking cloud engulfs you but does no damage.
You hear a shout!
Saint Roka is engulfed in noxious fumes.
Saint Roka invokes the aid of Beogh against you.
Beogh smites you!
* * * LOW HITPOINT WARNING * * *
Press: ? - help, v - describe, . - travel
Here: Saint Roka, wielding a +2 great sword of venom and wearing a +0 plate armour (noxious fumes, moderately wounded, covered in acid)
The floor.
You feel better.
Saint Roka is no longer covered in acid.
Saint Roka is engulfed in noxious fumes.
Saint Roka hits you with a +2 great sword of venom!
* * * LOW HITPOINT WARNING * * *
Press: ? - help, v - describe, . - travel
Here: Saint Roka, wielding a +2 great sword of venom and wearing a +0 plate armour (noxious fumes, moderately wounded)
The floor.
You feel better.
Saint Roka is engulfed in noxious fumes.
Saint Roka hits you with a +2 great sword of venom.
* * * LOW HITPOINT WARNING * * *
Okay, then.
Okay, then.
Okay, then.
Press: ? - help, v - describe, . - travel
Here: Saint Roka, wielding a +2 great sword of venom and wearing a +0 plate armour (moderately wounded)
The floor.
The orc warrior throws a boomerang.
You block the boomerang.
Saint Roka invokes the aid of Beogh against you.
Beogh smites you!
* * * LOW HITPOINT WARNING * * *
As you read the scroll of summoning, it crumbles to dust.
Wisps of shadow whirl around you...
The orc warrior closely misses your orc.
The orc warrior hits you from afar with a +0 glaive!!
You die...

# ##. ## #... ###.##
#....#....# ###
#........# #####.##
#......####.#o@#o##
##..))))#....ho##.#
#...).)#.)..#o##.###
....#.###..o#....##.##
... #. #.............#
.o .. ##..........)##
# {.{.............##
{.. .##.......#...## .
##...........# {
.............#
....#.......##


You could see an orc warrior (strong, ally target), a friendly warg (summoned),
a friendly orc warrior (summoned), a friendly orc priest (summoned, wandering)
and a friendly orc (summoned).

Vanquished Creatures
  A dire elephant (Lair:6)
  A fire dragon (Volcano)
  Josephine (Lair:4)
  2 hydras (Lair:1)
  Erica (Orc:1)
  A catoblepas (Lair:6)
  5 two-headed ogres
  5 death yaks
  A spectral dire elephant (Lair:6)
  Nergalle (D:10)
  A spectral anaconda (Lair:6)
  3 lindwurms (Volcano)
  3 orc knights
  3 necromancers (Lair:6)
  A moth of wrath (D:9)
  6 black mambas
  9 elephants
  A smoke demon (Volcano)
  Maggie (D:7)
  11 cane toads
  8 komodo dragons
  A rime drake (Lair:4)
  A kobold demonologist (D:10)
  Prince Ribbit (D:8)
  3 trolls
  A hornet (D:9)
  A polar bear (Lair:3)
  23 blink frogs
  10 dream sheep
  2 redbacks (Lair:3)
  A fire bat (Lair:6)
  8 wyverns
  5 wraiths (Lair:4)
  4 basilisks
  37 yaks
  6 steam dragons
  A death yak simulacrum (Lair:6)
  2 vampire mosquitoes (Lair:3)
  A two-headed ogre zombie (D:9)
  A spectral cane toad (Lair:6)
  3 wargs
  19 water moccasins
  3 hell hounds (Volcano)
  26 orc warriors
  3 elephant zombies (Lair:6)
  A sky beast (D:6)
  2 ice beasts
  3 black bears
  5 ogres
  An elephant skeleton (Lair:6)
  35 wolves
  5 centaurs
  4 phantoms
  2 kobold brigands
  17 bullfrogs
  6 scorpions
  3 troll zombies (D:9)
  A water moccasin zombie (D:5)
  A wyvern skeleton (D:6)
  An elephant simulacrum (Lair:6)
  9 killer bees
  7 wights
  3 howler monkeys
  8 crimson imps (D:10)
  3 bullfrog skeletons (D:7)
  A centaur zombie (D:10)
  13 orc priests
  A centaur skeleton (D:7)
  4 hounds
  Natasha (twice) (D:2)
  Terence (D:2)
  4 iguanas
  14 orc wizards
  2 killer bee zombies
  4 ogre zombies (D:9)
  A hound skeleton (D:4)
  3 howler monkey skeletons
  A howler monkey zombie (D:5)
  7 adders
  A shadow imp (D:6)
  A white imp (D:10)
  An ufetubus (D:4)
  2 worms
  2 dart slugs
  74 orcs
  9 ball pythons
  4 bats
  6 endoplasms
  8 giant cockroaches
  11 goblins
  11 hobgoblins
  18 jackals
  11 kobolds
  6 quokkas
  3 frilled lizards
  2 goblin zombies (D:9)
  4 hobgoblin zombies (D:9)
  4 orc skeletons (D:9)
  15 orc zombies (D:9)
  9 rats
606 creatures vanquished.

Vanquished Creatures (collateral kills)
  A dire elephant (Lair:6)
  A hydra (Lair:6)
  A spectral death yak (Lair:6)
  An obsidian statue (Lair:6)
  2 orc knights (Bailey)
  2 elephants (Lair:6)
  2 cane toads
  A black mamba (Lair:3)
  A yak (Lair:6)
  2 fire bats (Lair:6)
  A wyvern (Lair:4)
  A water moccasin (Lair:4)
  An elephant skeleton (Lair:6)
17 creatures vanquished.

Vanquished Creatures (others)
  A smoke demon (Volcano)
  78 fungi
  85 plants
  21 withered plants (Lair:6)
185 creatures vanquished.

Grand Total: 808 creatures vanquished

Notes
Turn   | Place    | Note
-------+----------+-------------------------------------------
     0 | D:1      | grimtooth the Formicid Venom Mage began the quest for the
                  | Orb.
     0 | D:1      | Reached XP level 1. HP: 13/13 MP: 3/3
   146 | D:1      | Reached XP level 2. HP: 19/19 MP: 1/5
   603 | D:1      | Reached XP level 3. HP: 13/24 MP: 0/6
  1082 | D:1      | Reached skill level 5 in Poison Magic
  1353 | D:2      | Learned a level 2 spell: Poisonous Vapours
  1417 | D:2      | Reached XP level 4. HP: 30/30 MP: 3/7
  1462 | D:2      | Noticed Terence
  1585 | D:2      | Noticed Natasha
  1667 | D:2      | Found Atowi's Weapon Shop.
  2107 | D:3      | Found Tyethone's Armour Shop.
  2364 | D:3      | Found a glowing golden altar of the Shining One.
  2374 | D:3      | Found a stormy altar of Qazlal.
  2684 | D:2      | Found an ornate altar of the Wu Jian Council.
  2702 | D:2      | Killed Natasha
  2703 | D:2      | Reached XP level 5. HP: 13/35 MP: 4/9
  2857 | D:3      | Found an iron altar of Okawaru.
  2935 | D:2      | Noticed Natasha
  2943 | D:2      | Killed Natasha
  2944 | D:2      | Reached skill level 6 in Poison Magic
  3198 | D:3      | Found a burning altar of Makhleb.
  3355 | D:3      | Became a worshipper of Makhleb the Destroyer
  3556 | D:3      | Reached XP level 6. HP: 37/41 MP: 4/10
  3661 | D:4      | Reached skill level 7 in Poison Magic
  4439 | D:4      | Reached XP level 7. HP: 40/46 MP: 11/11
  4755 | D:5      | Entered Level 5 of the Dungeon
  4827 | D:5      | Reached skill level 8 in Poison Magic
  4838 | D:5      | Reached * piety under Makhleb
  4925 | D:5      | Found a shimmering blue altar of Sif Muna.
  4966 | D:5      | Found a glowing drain.
  5016 | Sewer    | Entered a sewer
  5492 | Sewer    | Found a white marble altar of Elyvilon.
  5582 | D:5      | Learned a level 4 spell: Olgreb's Toxic Radiance
  5592 | D:5      | Learned a level 3 spell: Mephitic Cloud
  5645 | D:5      | Reached skill level 5 in Stealth
  5647 | D:5      | Reached skill level 9 in Poison Magic
  5658 | D:5      | Reached XP level 8. HP: 52/52 MP: 4/12
  5843 | D:5      | Got Sif Muna's Papyrus of Stolen Souls
  5990 | D:5      | Found a staircase to the Ecumenical Temple.
  6043 | D:5      | Found Moduarass's Antique Armour Emporium.
  6057 | D:5      | Reached skill level 10 in Poison Magic
  6059 | D:5      | Reached skill level 11 in Poison Magic
  6489 | D:5      | Reached ** piety under Makhleb
  6855 | D:2      | Found Doutak's Armour Shop.
  6863 | D:2      | Killed Terence
  7129 | D:6      | Found a snail-covered altar of Cheibriados.
  7241 | D:6      | Reached skill level 1 in Fighting
  7264 | D:6      | Reached XP level 9. HP: 55/59 MP: 4/13
  7274 | D:6      | Reached skill level 12 in Poison Magic
  7980 | D:6      | Reached skill level 1 in Invocations
  8360 | D:7      | Reached skill level 5 in Fighting
  8590 | D:7      | Identified the ring of Darkness {Fly rPois rF++ Will-
                  | Dex+3}
  8689 | D:7      | Noticed Maggie
  8714 | D:7      | Killed Maggie
  8979 | D:8      | Reached skill level 1 in Conjurations
  8979 | D:8      | Reached skill level 1 in Air Magic
  9084 | D:8      | Reached XP level 10. HP: 70/76 MP: 10/14
  9179 | D:8      | Noticed Prince Ribbit
  9186 | D:8      | Killed Prince Ribbit
  9187 | D:8      | Reached skill level 5 in Invocations
  9809 | D:8      | Reached *** piety under Makhleb
 10187 | D:8      | Found Lomem's Neck Hole.
 11029 | D:9      | Noticed a two-headed ogre
 11047 | D:9      | - uhoh
 11055 | D:9      | Killed a two-headed ogre
 11316 | D:9      | Reached XP level 11. HP: 37/84 MP: 2/16
 11523 | D:9      | Found a shimmering altar of Xom.
 11947 | D:9      | Found a staircase to the Orcish Mines.
 11992 | D:10     | Entered Level 10 of the Dungeon
 12013 | D:10     | Noticed a two-headed ogre
 12047 | D:10     | Killed a two-headed ogre
 12071 | D:10     | Reached skill level 1 in Armour
 12128 | D:10     | Found a staircase to the Lair.
 12209 | D:10     | Noticed DrStoges's ghost (novice DEFE)
 12212 | D:10     | Found a runed translucent door.
 12230 | D:10     | Noticed a two-headed ogre
 12258 | D:10     | Killed a two-headed ogre
 12318 | D:10     | Noticed a two-headed ogre
 12330 | D:10     | Killed a two-headed ogre
 12411 | D:10     | Reached **** piety under Makhleb
 12746 | D:10     | Reached skill level 5 in Armour
 13577 | Lair:1   | Entered Level 1 of the Lair of Beasts
 13577 | Lair:1   | Noticed Nergalle
 13577 | Lair:1   | Noticed a six-headed hydra
 13683 | Lair:1   | You fall into a shaft and drop 1 floor!
 13829 | Lair:2   | Reached skill level 13 in Poison Magic
 14060 | Lair:2   | Reached XP level 12. HP: 71/95 MP: 13/18
 15035 | Lair:3   | Reached skill level 1 in Short Blades
 15035 | Lair:3   | Reached skill level 1 in Maces & Flails
 15036 | Lair:3   | Reached skill level 14 in Poison Magic
 15290 | Lair:3   | Reached ***** piety under Makhleb
 16666 | Lair:3   | Reached XP level 13. HP: 99/101 MP: 3/19
 16819 | Lair:3   | Found a staircase to the Swamp.
 16857 | Lair:3   | Reached skill level 5 in Short Blades
 16880 | Lair:3   | Reached skill level 5 in Maces & Flails
 17127 | Lair:3   | Found a hole to the Spider Nest.
 17724 | Lair:4   | - crap
 18053 | Lair:4   | Reached skill level 15 in Poison Magic
 18063 | Lair:4   | Reached skill level 10 in Invocations
 18272 | Lair:4   | Noticed Josephine
 18505 | Lair:1   | Noticed a six-headed hydra
 18799 | Lair:1   | Killed a six-headed hydra
 18916 | Lair:1   | Identified the +0 battleaxe "Seesmayx" {flame, Will++ Str-5
                  | Dex+4}
 18918 | Lair:1   | Killed a six-headed hydra
 19282 | D:5      | Bought a pair of runed boots for 180 gold pieces
 19282 | D:5      | Bought a pair of runed gloves for 180 gold pieces
 19399 | D:10     | Killed Nergalle
 19400 | D:10     | Reached skill level 1 in Shields
 20030 | Lair:5   | Identified the +1 chain mail of Enept {-Tele rN+ Str+3
                  | Stlth+}
 20077 | Lair:5   | Noticed Xyruwy's ghost (journeyman DECj)
 20086 | Lair:5   | Found a runed translucent gate.
 20086 | Lair:5   | Found a runed translucent gate.
 20317 | Lair:5   | Found a sacrificial altar of Ru.
 20770 | Lair:5   | Found a runed translucent gate.
 20953 | Lair:6   | Entered Level 6 of the Lair of Beasts
 20967 | Lair:6   | Noticed a catoblepas
 21037 | Lair:6   | Reached skill level 5 in Shields
 21039 | Lair:6   | Reached XP level 14. HP: 109/109 MP: 10/22
 21200 | Lair:6   | Found a dark tunnel.
 21216 | Volcano  | Entered a volcano
 21431 | Volcano  | Reached skill level 10 in Fighting
 21465 | Volcano  | Found the +2 cloak of the Thief {*Fog Slay-2 SInv Stlth+}
 22281 | Lair:6   | Found a staircase to the Slime Pits.
 22395 | Lair:6   | Noticed a dire elephant
 22697 | Lair:6   | Noticed a dire elephant
 22722 | Lair:6   | Killed a dire elephant
 23019 | Lair:6   | Reached skill level 5 in Dodging
 23187 | Lair:6   | Killed a dire elephant
 23276 | Lair:6   | - wow careless
 23436 | Lair:6   | Identified the ring of Autumn {rN+ Will+}
 23612 | Lair:4   | Killed Josephine
 23613 | Lair:4   | Reached skill level 1 in Evocations
 23654 | Lair:4   | Reached XP level 15. HP: 116/117 MP: 20/24
 24079 | Lair:4   | Reached skill level 10 in Stealth
 24430 | D:9      | Found a bloodstained altar of Trog.
 24482 | Orc:1    | Entered Level 1 of the Orcish Mines
 24482 | Orc:1    | Noticed Erica
 24482 | Orc:1    | Found a flagged portal.
 24483 | Orc:1    | Found Ecumod's Armour Boutique.
 24498 | Orc:1    | Killed Erica
 24577 | Bailey   | Entered a bailey
 24795 | Bailey   | Reached skill level 5 in Evocations
 25077 | Orc:1    | Found Cuhu's Antique Weapon Shop.
 25086 | Orc:1    | Found Lotip's Assorted Antiques.
 25129 | Orc:1    | Bought a smoky emerald potion for 27 gold pieces
 25129 | Orc:1    | Bought a scroll labelled LIEFATWA PUECS for 31 gold pieces
 25333 | Orc:1    | Found a radiant altar of Vehumet.
 25528 | Orc:2    | Entered Level 2 of the Orcish Mines
 25528 | Orc:2    | Found Arezamp's Jewellery Shoppe.
 25823 | Orc:2    | Found Owko's Weapon Shoppe.
 26050 | Orc:2    | Found a staircase to the Elven Halls.
 26214 | Orc:2    | Noticed Saint Roka
 26260 | Orc:2    | Reached XP level 16. HP: 64/127 MP: 9/25
 26275 | Orc:2    | - unsuccessful
 26279 | Orc:2    | HP: 2/127 [Saint Roka/divine providence (14)]
 26281 | Orc:2    | Annihilated by an orc warrior

Illustrated notes

##.....## ##.......##
###...........
##.#?...........
##..#............
#................ #.##
#............... ....#
#.....h.........
#....###...##..........
##....#........T.......F
#...........(..O@...###
#.................###
#..$........?....#
##..........>.....#
.....?.<...........
.........(.........c
.......[...#.....###.
............##....#.....
............#...........
.#.........##...# ......
#.)........ #.###......


Turn 11047 on D:9: - uhoh ### #.# ##. ..## ##### .... ..P# ##.#?## ..... ...#
#####.....####.!... ...####.##.....#@#....... ..#.##P...+....+FFY......
..+.............#.#...... ..####..#.#....#### ..... =## ######.+..# ..Y. ##
##..## FY. .# #..## YY .##### #...# ## . ..#..# ##.## ..### #..#.# #...##.....Y
.....## ##.......# Turn 17724 on Lair:4: - crap ......♣#...#8.8#
.......###.#...# .......P##.##..### †.......♣#..#..'.### .....##.♣##.#..'...#
.....#.P♣ #.#####..# .<.....♣# #.)..'.).# ......P######..'...##
......♣#...'..8##...# ......♣#...#####5...# ......##...# #@...# ......##...#
##3.♣# ......##...# ..#♣ ......##8)8# ♣.♣♣ ......###### 8♣ ....#.## 4♣ ..##...#
♣ ######## Turn 23276 on Lair:6: - wow careless . ## .. ###.## ...#....# ###
.......# #####.## ......####.#..#.## #..))))#......##@# ...).)#.)..#{##o###
..#.###...#..°.##.## . #. #........○....# .. ##..........)## {.{.............##
{.. .##.......#...## . ##...........# { .............# ....#.......##
...........## Turn 26275 on Orc:2: - unsuccessful

Levels and vault maps discovered:
D:1:      dpeg_arrival_boxes_within_box, layout_basic
D:2:      layout_basic, serial_shops, shop, shop, basic_altar, grunt_decor_cap,
          kennysheep_big_empty_room, uniq_terence, uniq_natasha
D:3:      layout_basic, okawaru_gym_becter, minitemple,
          mainiacjoe_overflow_24_doors, serial_shops, nicolae_shop_statue_plus
D:4:      layout_basic
D:5:      layout_loops_corners, led_sif_book,
          minmay_temple_entry_statues_fountains, cheibrodos_sewer_entry_bend,
          serial_shops, nicolae_stop_n_shop_2, guppyfry_early_orc_mine
D:6:      layout_gridville, kennysheep_little_box, grunt_decor_clamped
D:7:      layout_basic, uniq_maggie
D:8:      layout_cave_pods, palyth_stone_intersect, serial_bayou_pond_a,
          nicolae_shop_sticking_my_neck_out, uniq_prince_ribbit1
D:9:      layout_cave_pools, nicolae_overflow_hidden_temple, tgw_trog,
          zombieorc2_lemuel
D:10:     layout_rooms, due_lair_maze_entry_diamond,
          hellmonk_ghost_happy_afterlife, minmay_nine_imps
Lair:1:   layout_hall_layers, grunt_megastairs_3, uniq_nergalle
Lair:2:   layout_roguey
Lair:3:   layout_concentric_octagons, minmay_swamp_entry_swarm,
          spider_nest_entry_funnel_web, serial_bayou_pond_b,
          grunt_forest_large_clearings, grunt_megastairs_2
Lair:4:   layout_roguey, beast_lair_carwin_8, uniq_josephine
Lair:5:   layout_layer_cave, basic_altar, gammafunk_ghost_split,
          serial_bayou_shore_a, grunt_megastairs_1
Lair:6:   due_jungle_book, layout_gridlike, dpeg_slime_entry_corner,
          nicolae_volcano_entry_batcave, minivault_19, serial_bayou_pond_e
Orc:1:    layout_diamond_mine, basic_altar, enter_bailey_3, serial_shops,
          nicolae_shop_overgrown_old_shop, nicolae_shop_trees, shop,
          mines2_david, uniq_erica
Orc:2:    grunt_orc_cross, layout_caves, serial_shops, shop,
          minmay_shop_enchanted_jewellery, uniq_saint_roka

Skill      XL: |  1  2  3  4  5  6  7  8  9 10 11 12 13 14 15 |
---------------+----------------------------------------------+-----
Transmutations | 2 3 |  3.0
Poison Magic   | 5 6 7 9 11 12 13 14 15 | 15.0
Spellcasting   | 3 |  3.0
Stealth        | 4 5 6 9 11 | 11.8
Fighting       | 1 6 7 9 12 | 12.0
Invocations    | 4 7 9 11 12 | 12.0
Conjurations   | 1 4 |  4.0
Air Magic      | 1 4 |  4.0
Armour         | 6 9 |  9.0
Short Blades   | 4 6 |  6.0
Maces & Flails | 4 6 |  6.0
Shields        | 5 6 |  6.0
Dodging        | 6 |  6.0
Evocations     | 2 6 |  6.0

Action                   |  1- 3 |  4- 6 |  7- 9 | 10-12 | 13-15 | 16-18 || total
-------------------------+-------+-------+-------+-------+-------+-------++-------
Melee: Hand axe          |     1 |    32 |   115 |    49 |     1 |       ||   198
       Unarmed           |     1 |       |       |       |       |       ||     1
       Whip              |       |       |       |   281 |   437 |       ||   718
       Dagger            |       |       |       |    36 |   127 |     1 ||   164
Throw: Stone             |    16 |    11 |    17 |       |       |       ||    44
       Dart              |       |       |    28 |    19 |    21 |       ||    68
 Cast: Sting             |    66 |   103 |    80 |     4 |       |       ||   253
       Poisonous Vapours |       |     5 |    23 |    12 |     1 |       ||    41
       Olgreb's Toxic Ra |       |       |    17 |    52 |   104 |       ||   173
       Mephitic Cloud    |       |       |       |     5 |    21 |     2 ||    28
Invok: Minor Destruction |       |       |       |   190 |   391 |     1 ||   582
       Lesser Servant of |       |       |       |       |    23 |     1 ||    24
       Major Destruction |       |       |       |       |    35 |       ||    35
 Abil: Dig               |       |     4 |    10 |     8 |    17 |       ||    39
Evoke: Wand              |       |       |     2 |     3 |     2 |       ||     7
       Lightning rod     |       |       |       |       |     3 |       ||     3
  Use: Scroll            |       |       |     5 |     3 |     4 |     1 ||    13
       Potion            |       |       |     5 |     8 |     6 |     3 ||    22
 Stab: Sleeping          |       |       |     3 |     2 |     1 |       ||     6
       Confused          |       |       |       |     3 |     5 |       ||     8
       Distracted        |       |       |       |       |     2 |       ||     2
Armor: Leather armour    |     4 |    20 |    20 |       |       |       ||    44
       Robe              |     3 |       |       |       |       |       ||     3
       Swamp dragon scal |       |       |     8 |   206 |   237 |       ||   451
Dodge: Dodged            |    22 |    42 |    88 |   339 |   337 |       ||   828
Block: Buckler           |       |       |       |       |   155 |     1 ||   156
